 Dungeon Crawl Stone Soup version 0.29.1-14-g9c671dbff4 (webtiles) character file.

Game seed: 14887416886388108079

5227 promet the Protected (level 10, -32/69 HPs)
             Began as a Gargoyle Fighter on Feb 18, 2023.
             Was a Believer of Wu Jian.
             Blown up by an eye of devastation (40 damage)
             ... with a bolt of energy
             ... on level 1 of the Abyss on Feb 20, 2023.
             The game lasted 01:02:31 (12884 turns).

promet the Protected (Gargoyle Fighter)            Turns: 12884, Time: 01:02:32

Health: -32/69     AC: 24    Str: 23    XL:     10   Next: 61%
Magic:  10/10      EV:  6    Int: 10    God:    Wu Jian [**....]
Gold:   386        SH:  5    Dex:  9    Spells: 9/9 levels left

rFire   . . .      SeeInvis .   a - +1 flail (drain)
rCold   . . .      Faith    .   c - +0 buckler
rNeg    + . .      Spirit   .   j - +0 plate armour
rPois   ∞          Reflect  .   (no helmet)
rElec   +          Harm     .   (no cloak)
rCorr   .          Rampage  .   y - +0 pair of gloves
Will    .....                   q - +1 pair of boots
Stlth   ..........              (no amulet)
HPRegen 0.21/turn               (no ring)
MPRegen 0.12/turn               (no ring)

@: no status effects
A: sickness immunity, AC +7, negative energy resistance 1, electricity
resistance, torment resistance 1, petrification resistance, mutation resistance
1, robust 1
a: Renounce Religion, Wall Jump


You were on level 1 of the Abyss.
You worshipped Wu Jian.
Wu Jian was pleased with you.
You visited 1 branch of the dungeon, and saw 8 of its levels.
You visited the Abyss 1 time.

You collected 386 gold pieces.

Inventory:

Hand Weapons
 a - a +1 flail of draining (weapon)
 b - a +0 sling
 l - a +3 war axe
 z - a +2 whip of freezing
 A - a +2 spear of venom
 B - a +2 halberd of protection
 D - a +2 rapier of freezing
 E - a +0 long sword
 M - a +2 dagger of electrocution
 N - a +3 scimitar
Missiles
 e - 81 stones
 w - 5 boomerangs (quivered)
Armour
 c - a +0 buckler (worn)
 d - a +0 chain mail
 f - a +0 scale mail
 j - a +0 plate armour (worn)
 q - a +1 pair of boots (worn)
 y - a +0 pair of gloves (worn)
Magical Staves
 n - a staff of poison
 L - a staff of fire
Jewellery
 i - an amulet of guardian spirit
Wands
 p - a wand of flame (11)
 v - a wand of iceblast (28)
 x - a wand of mindburst (11)
Scrolls
 k - a scroll of brand weapon
 o - 5 scrolls of teleportation
 C - a scroll of poison
 G - a scroll of magic mapping
Potions
 g - a potion of mutation
 h - a potion of curing
 m - 2 potions of berserk rage {unknown}
 r - a potion of ambrosia {unknown}
 s - 3 potions of lignification
 t - a potion of resistance {unknown}
 u - a potion of might
 F - a potion of brilliance {unknown}
 H - a potion of degeneration {unknown}
 I - a potion of cancellation {unknown}
 K - a potion of attraction {unknown}


   Skills:
 + Level 7.0 Fighting
 + Level 6.2 Short Blades
 + Level 7.6 Maces & Flails
 * Level 3.3 Polearms
 + Level 1.6 Ranged Weapons
 + Level 2.0 Throwing
 + Level 8.1 Armour
 + Level 0.5 Dodging
 + Level 1.3 Stealth
 + Level 5.9 Shields
 + Level 1.8 Evocations


You had 9 spell levels left.
You didn't know any spells.
Your spell library contained the following spells:

 Spells                   Type           Power      Damage    Failure   Level
 Beastly Appendage        Tmut           0%         N/A       100%        1
 Wereblood                Tmut           0%         N/A       100%        2
 Frozen Ramparts          Ice            0%         1d1       100%        3
 Gell's Gravitas          Tloc           0%         N/A       100%        3
 Spider Form              Tmut/Pois      0%         N/A       100%        3
 Teleport Other           Tloc           0%         N/A       100%        3
 Tukima's Dance           Hex            0%         N/A       100%        3
 Ice Form                 Ice/Tmut       0%         N/A       100%        4
 Passage of Golubria      Tloc           0%         N/A       100%        4
 Summon Ice Beast         Ice/Summ       0%         N/A       100%        4
 Yara's Violent Unravell  Hex/Tmut       0%         3d3       100%        5
 Dispersal                Tloc           0%         N/A       100%        6


Dungeon Overview and Level Annotations

Branches:
Dungeon (8/15)             Temple (0/1) D:5
   Lair: D:8-11

Altars:
Elyvilon
Fedhas
Kikubaaqudgha
Makhleb
Qazlal
Vehumet
Wu Jian
Yredelemnul

Annotations:
D:4 1 runed translucent door, Crazy Yiuf
D:5 2 runed translucent doors, n0ni's ghost, novice DsNe
D:6 3 runed translucent doors, sigtrap's ghost, novice DjCj
D:8 Amaemon; Gastronok


Innate Abilities, Weirdness & Mutations

You are immune to sickness and miasma.
Your stone body is resilient. (AC +7)
You are immune to poison.
You resist negative energy. (rN+)
You are resistant to electric shocks. (rElec)
You are resistant to unholy torment.
You are immune to petrification.
You are somewhat resistant to further mutation.
You are robust. (+10% HP)


Message History

Aim: an eye of devastation (lightly wounded, 93% to hit)
You throw a boomerang.
The boomerang hits the eye of devastation but does no damage.
The eye of devastation is lightly wounded.
You hit the eye of devastation. You drain the eye of devastation.
The eye of devastation is lightly wounded.
The eye of devastation gazes at you. The bolt of energy hits you!!
You hit the eye of devastation but do no damage.
The eye of devastation is lightly wounded.
You hit the eye of devastation but do no damage.
The eye of devastation is lightly wounded.
You hit the eye of devastation.
The eye of devastation is moderately wounded.
The eye of devastation gazes at you. The bolt of energy hits you!!
You sock the eye of devastation! You drain the eye of devastation.
The eye of devastation is severely wounded.
You hit the eye of devastation. You drain the eye of devastation.
The eye of devastation is severely wounded.
You hit the eye of devastation but do no damage.
The eye of devastation is severely wounded.
The eye of devastation gazes at you. The bolt of energy hits you.
* * * LOW HITPOINT WARNING * * *
You hit the eye of devastation but do no damage.
The eye of devastation is severely wounded.
The eye of devastation gazes at you. The bolt of energy hits you!!
* * * LOW HITPOINT WARNING * * *
You hit the eye of devastation but do no damage.
The eye of devastation is severely wounded.
You hit the eye of devastation but do no damage.
You drain the eye of devastation.
The eye of devastation is severely wounded.
You feel better. The eye of devastation gazes at you.
The bolt of energy hits you!!!
Ouch! That really hurt!
You die...

.... .
##.x. .. .
.. # . ##
##...#.. .#
..... .
#.#.. .##
#..# #
#....
###G##....#
# ..#@.# #
..######
##. .. .. .
# . . # # .


You could see an eye of devastation (drained).

Vanquished Creatures
  Pikel (D:5)
  Maggie (D:6)
  Prince Ribbit (D:8)
  A shadow (Abyss:1)
  9 yaks
  Menkaure (D:6)
  A steam dragon (D:6)
  A water moccasin (D:7)
  A black bear (D:7)
  An ice beast (Abyss:1)
  An orc warrior (D:8)
  2 centaurs
  An ogre (D:5)
  A phantom (D:4)
  A bullfrog (D:7)
  A gnoll sergeant (D:7)
  5 scorpions
  2 necrophages
  3 wights
  6 killer bees (D:8)
  A howler monkey (D:5)
  2 orc priests
  3 gnoll boudas
  8 iguanas
  3 orc wizards
  27 gnolls
  11 adders
  5 ufetubi
  2 adder zombies (D:3)
  3 worms
  5 dart slugs
  15 orcs
  9 endoplasms
  4 giant cockroaches
  6 goblins
  7 hobgoblins
  6 jackals
  3 quokkas
  4 ball pythons
  A ball python zombie (D:3)
  3 frilled lizards
  5 kobolds
  5 rats
179 creatures vanquished.

Vanquished Creatures (others)
  A small abomination (Abyss:1)
  An orc wizard (D:8)
  17 plants
  A withered plant (D:4)
20 creatures vanquished.

Grand Total: 199 creatures vanquished

Notes
Turn   | Place    | Note
-------+----------+-------------------------------------------
     0 | D:1      | promet the Gargoyle Fighter began the quest for the Orb.
     0 | D:1      | Reached XP level 1. HP: 14/14 MP: 1/1
   469 | D:1      | Reached XP level 2. HP: 19/19 MP: 2/2
   711 | D:1      | Found a faded altar of an unknown god.
   890 | D:1      | Reached XP level 3. HP: 18/23 MP: 3/3
  1534 | D:2      | Found a stormy altar of Qazlal.
  1942 | D:2      | Reached XP level 4. HP: 18/29 MP: 4/4
  1990 | D:2      | Reached skill level 4 in Armour
  2265 | D:2      | Gained mutation: You are robust. (+10% HP) [potion of
                  | mutation]
  2265 | D:2      | Gained mutation: You are somewhat resistant to further
                  | mutation. [potion of mutation]
  2941 | D:3      | Reached XP level 5. HP: 36/36 MP: 5/5
  3265 | D:2      | Reached skill level 1 in Ranged Weapons
  4319 | D:3      | Found a basalt altar of Yredelemnul.
  4469 | D:3      | Found a radiant altar of Vehumet.
  4641 | D:3      | Reached XP level 6. HP: 38/41 MP: 6/6
  5658 | D:4      | Found a burning altar of Makhleb.
  5937 | D:4      | Found a blossoming altar of Fedhas.
  5940 | D:4      | Found an ancient bone altar of Kikubaaqudgha.
  5989 | D:4      | Reached skill level 1 in Throwing
  5989 | D:4      | Reached XP level 7. HP: 45/48 MP: 7/7
  6110 | D:4      | Found a runed translucent door.
  6111 | D:4      | Noticed Crazy Yiuf
  6332 | D:5      | Entered Level 5 of the Dungeon
  6386 | D:5      | Reached skill level 5 in Armour
  6749 | D:5      | Reached skill level 5 in Fighting
  6749 | D:5      | Reached skill level 5 in Short Blades
  7117 | D:5      | Reached XP level 8. HP: 53/53 MP: 8/8
  7281 | D:5      | Found a runed translucent door.
  7282 | D:5      | Noticed n0ni's ghost (novice DsNe)
  7454 | D:5      | Found an ornate altar of the Wu Jian Council.
  7462 | D:5      | Became a worshipper of the Wu Jian Council
  7543 | D:5      | Noticed Pikel
  7565 | D:5      | Killed Pikel
  7566 | D:5      | Reached skill level 6 in Armour
  7566 | D:5      | Reached skill level 1 in Evocations
  8072 | D:5      | Found a staircase to the Ecumenical Temple.
  8090 | D:5      | Found a runed translucent door.
  8533 | D:6      | Noticed Maggie
  8540 | D:6      | Killed Maggie
  8541 | D:6      | Reached skill level 1 in Maces & Flails
  8541 | D:6      | Reached skill level 1 in Stealth
  8541 | D:6      | Reached skill level 5 in Shields
  8541 | D:6      | Reached XP level 9. HP: 51/60 MP: 9/9
  8840 | D:6      | Reached skill level 7 in Armour
  8908 | D:6      | Found a runed translucent gate.
  8910 | D:6      | Found a runed translucent gate.
  8910 | D:6      | Identified the +1 chain mail "Yhefuf" {rF+ Dex+4 SInv}
  8910 | D:6      | Noticed sigtrap's ghost (novice DjCj)
  8911 | D:6      | Found a runed translucent gate.
  8982 | D:6      | Noticed Menkaure
  8994 | D:6      | Killed Menkaure
 10021 | D:7      | Reached * piety under Wu Jian
 10034 | D:7      | Reached skill level 5 in Maces & Flails
 10084 | D:7      | Reached XP level 10. HP: 66/67 MP: 10/10
 11143 | D:8      | Noticed an orange demon
 11266 | D:8      | Noticed Amaemon
 11267 | D:8      | Reached skill level 1 in Polearms
 11269 | D:8      | Found a white marble altar of Elyvilon.
 11274 | D:8      | Reached ** piety under Wu Jian
 11275 | D:8      | Noticed Gastronok
 12068 | D:8      | Reached skill level 8 in Armour
 12415 | D:8      | Noticed Prince Ribbit
 12456 | D:8      | Killed Prince Ribbit
 12616 | Abyss:1  | Cast into level 1 of the Abyss (kobold brigand)
 12868 | Abyss:1  | Noticed an eye of devastation
 12881 | Abyss:1  | HP: 2/69 [disintegration (18)]
 12884 | Abyss:1  | Blown up by an eye of devastation

Illustrated notes

Levels and vault maps discovered:
D:1:      dpeg_arrival_tiny_h, layout_basic,
          shapermc_ecumenical_altar_totnotflames
D:2:      layout_loops_ring, serial_bayou, serial_bayou_pond_a,
          serial_bayou_pond_a, serial_bayou_lake_a, serial_bayou_lagoon_a,
          basic_altar, grunt_ministairs_13, minmay_crystal_room, minmay_cut_off
D:3:      layout_rooms, nicolae_vehumet_radiance,
          nicolae_yredelemnul_corpse_copse, grunt_ministairs_7
D:4:      layout_rooms, grunt_temple_overflow_growth_and_decay,
          general_overflow_altar, serial_forest, infiniplex_forest_lined_room_2,
          infiniplex_forest_lined_2, infiniplex_forest_end_1,
          infiniplex_forest_lined_3, uniq_crazy_yiuf_cottage
D:5:      layout_loops_corners, nicolae_overflow_crystal_walls,
          minmay_temple_entry_glassed_door, ebering_ghost_sewer_f, uniq_pikel
D:6:      layout_loops_ring, biasface_ghost_orc_armoury, uniq_menkaure,
          uniq_maggie
D:7:      layout_basic, minmay_misc_feat_chi, chequers_hall_statues_corner_a
D:8:      layout_loops_ring, mainiacjoe_overflow_paths, uniq_gastronok,
          uniq_prince_ribbit1, uniq_amaemon, uniq_grum
Abyss:1:  base: D:4, minivault_11

Skill      XL: |  1  2  3  4  5  6  7  8  9 10 |
---------------+-------------------------------+-----
Short Blades   | 2 3 4 5 6 |  6.2
Armour         | 4 5 6 7 8 |  8.1
Ranged Weapons | 1 |  1.6
Fighting       | 4 5 6 7 |  7.0
Shields        | 4 5 |  5.9
Throwing       | 1 2 |  2.0
Evocations     | 1 |  1.8
Maces & Flails | 1 6 7 |  7.6
Stealth        | 1 |  1.3
Polearms       | 3 |  3.3
Dodging        | |  0.5

Action                   |  1- 3 |  4- 6 |  7- 9 | 10-12 || total
-------------------------+-------+-------+-------+-------++-------
Melee: Rapier            |   148 |   319 |   146 |       ||   613
       Flail             |       |       |   154 |   135 ||   289
       Spear             |       |       |       |   102 ||   102
 Fire: Sling             |       |    11 |     3 |     7 ||    21
Throw: Stone             |       |     8 |     1 |       ||     9
       Boomerang         |       |    21 |     5 |     1 ||    27
       Throwing net      |       |       |     1 |       ||     1
Invok: Lunge             |       |       |     1 |    17 ||    18
       Whirlwind         |       |       |       |     6 ||     6
Evoke: Wand              |       |     3 |    16 |       ||    19
  Use: Scroll            |     4 |     7 |     5 |     5 ||    21
       Potion            |       |     3 |     3 |     2 ||     8
Armor: Scale mail        |    58 |    20 |       |       ||    78
       Chain mail        |       |     3 |       |       ||     3
       Plate armour      |       |   154 |   211 |   186 ||   551
Dodge: Dodged            |    70 |    80 |    72 |    69 ||   291
Block: Buckler           |    26 |    66 |    47 |    58 ||   197
